 Dungeon Crawl Stone Soup version 0.30-a0-371-gad7725a93e (webtiles) character file.

Game seed: 5874047249858635878

11626 Querens the Covert (level 11, -2/47 HPs)
             Began as a Spriggan Enchanter on Nov 21, 2022.
             Was a Believer of Wu Jian.
             Slain by a soul eater (16 damage)
             ... summoned by an orc high priest
             ... on level 2 of the Orcish Mines.
             The game lasted 00:38:49 (6820 turns).

Querens the Covert (Spriggan Enchanter)             Turns: 6820, Time: 00:38:50

Health: -2/47      AC:  5    Str:  4    XL:     11   Next: 51%
Magic:  3/27       EV: 16    Int: 23    God:    Wu Jian [**....]
Gold:   659        SH:  0    Dex: 20    Spells: 19/32 levels left

rFire   . . .      SeeInvis +    t - +6 dagger (venom)
rCold   . . .      Faith    .    (no shield)
rNeg    . . .      Spirit   .    M - +0 troll leather armour
rPois   .          Reflect  .    (helmet restricted)
rElec   .          Harm     .    H - +0 cloak
rCorr   .          Rampage  .    (gloves unavailable)
Will    ++...                    (boots unavailable)
Stlth   ++++++....               (no amulet)
HPRegen 1.07/turn                o - ring of willpower
MPRegen 0.20/turn                B - +6 ring of intelligence

@: lethally poisoned (-2 -> -6), very quick
A: very small, no large weapons, unfitting armour, see invisible, speed 3
a: Renounce Religion, Wall Jump


You were on level 2 of the Orcish Mines.
You worshipped Wu Jian.
Wu Jian was pleased with you.
You visited 3 branches of the dungeon, and saw 13 of its levels.
You also visited: Ossuary.

You collected 749 gold pieces.
You spent 90 gold pieces at shops.

Inventory:

Hand Weapons
 b - a +3 short sword of electrocution
 t - a +6 dagger of venom (weapon)
Missiles
 z - a curare-tipped dart (quivered)
Armour
 H - a +0 cloak (worn)
 M - a +0 troll leather armour (worn)
Magical Staves
 C - a staff of death
 I - a staff of earth
Jewellery
 c - a ring of magical power
 o - a ring of willpower (left hand)
 B - a +6 ring of intelligence (right hand)
 E - the amulet of Uxetam {Faith rElec rC- Dex+4}
   (You found it on level 6 of the Dungeon)

   [amulet of faith]

   It allows you to gain divine favour quickly.
   Dex:       It affects your dexterity (+4).
   rC:        It makes you vulnerable to cold.
   rElec:     It insulates you from electricity.
Wands
 F - a wand of flame (41)
 K - a wand of polymorph (4)
Scrolls
 e - 2 scrolls of poison {unknown}
 f - a scroll of brand weapon {unknown}
 g - 2 scrolls of enchant armour {unknown}
 h - 4 scrolls of magic mapping
 i - a scroll of vulnerability {unknown}
 l - 6 scrolls of teleportation
 m - a scroll of torment {unknown}
 p - 2 scrolls of enchant weapon {unknown}
 s - 2 scrolls of fog {unknown}
 y - a scroll of summoning {unknown}
 D - a scroll of blinking {unknown}
 G - a scroll of acquirement {unknown}
 J - a scroll of amnesia {unknown}
 L - 2 scrolls of fear {unknown}
Potions
 a - 2 potions of flight
 d - a potion of invisibility
 j - 2 potions of curing
 k - 3 potions of lignification
 n - 2 potions of haste
 q - 3 potions of magic
 r - 2 potions of attraction
 u - 3 potions of berserk rage
 v - a potion of ambrosia {unknown}
 w - 2 potions of heal wounds
 x - 3 potions of might


   Skills:
 + Level 10.0 Short Blades
 - Level 2.6 Dodging
 + Level 14.4 Stealth
 + Level 11.0 Spellcasting
 + Level 11.3 Hexes
 + Level 3.5 Ice Magic


You had 19 spell levels left.
You knew the following spells:

 Your Spells              Type           Power      Damage    Failure   Level
a - Ensorcelled Hibernat  Hex/Ice        92%        N/A       1%          2
b - Confusing Touch       Hex            59%        N/A       1%          3
c - Tukima's Dance        Hex            59%        N/A       1%          3
d - Metabolic Englaciati  Hex/Ice        23%        N/A       12%         5

Your spell library contained the following spells:

 Spells                   Type           Power      Damage    Failure   Level
 Dazzling Flash           Conj/Hex       76%        N/A       2%          3
 Magic Dart               Conj           48%        1d5       9%          1
 Fulminant Prism          Conj/Hex       19%        3d10      9%          4
 Searing Ray              Conj           24%        2d5       14%         2
 Petrify                  Tmut/Erth      12%        N/A       65%         4
 Statue Form              Tmut/Erth      8%         N/A       100%        6


Dungeon Overview and Level Annotations

Branches:
Dungeon (10/15)            Temple (1/1) D:4            Lair (0/5) D:10
    Orc (2/2) D:9         Ossuary (visited)
    Elf: Orc:2

Altars:
Ashenzari
Cheibriados
Dithmenos
Elyvilon
Fedhas
Gozag
Hepliaklqana
Kikubaaqudgha
Makhleb
Nemelex Xobeh
Okawaru
Qazlal
Ru
Sif Muna
Trog
Uskayaw
Vehumet
Wu Jian
Xom
Yredelemnul
Zin
The Shining One

Annotations:
D:4 fly's ghost, weakling DgDe


Innate Abilities, Weirdness & Mutations

You are very small and have problems with some larger weapons.
You are too small for most types of armour.
You have supernaturally acute eyesight. (SInv)
You cover ground extremely quickly. (Speed+++)


Message History

The orc high priest prays to Beogh.
You hear a shout!
Casting: Ensorcelled Hibernation (safe; 1% risk of failure)
Confirm with . or Enter, or press ? or * to list all spells.
Aiming: Ensorcelled Hibernation (safe; 1% risk of failure)
Press: ? - help, Shift-Dir - straight line, f/p - orc high priest
Aim: an orc high priest, wielding a +0 scimitar and wearing a +0 leather armour (chance to affect: 34%)
The orc high priest easily resists.
You hear a shout! x4
The orc high priest intones a terrible prayer.
The orc high priest utters an invocation to Beogh.
Casting: Ensorcelled Hibernation (safe; 1% risk of failure)
Confirm with . or Enter, or press ? or * to list all spells.
Aiming: Ensorcelled Hibernation (safe; 1% risk of failure)
Press: ? - help, Shift-Dir - straight line, f/p - orc high priest
Aim: an orc high priest, wielding a +0 scimitar and wearing a +0 leather armour (chance to affect: 34%)
The orc high priest looks drowsy...
Unknown command.
An orc warrior comes into view. It is wielding a +0 glaive.
The orc warrior shouts!
You hear a shout! x5
Things that are here:
a +0 dagger; a +0 robe You spin and attack the orange demon.
The orc high priest shouts!
You hit the orange demon.
The orange demon is poisoned.
The orange demon is lightly wounded.
The orange demon stings you!
You are poisoned.
The orange demon poisons you! The orange demon barely misses you.
Things that are here:
a +0 war axe; a +0 chain mail; an orc corpse You feel very sick.
You feel sick.
The soul eater draws from the surrounding life force!
You feel sick.
The orc high priest invokes the aid of Beogh against you.
Beogh smites you!
* * * LOW HITPOINT WARNING * * *
The soul eater draws from the surrounding life force!
You die...

............#.##
o.....o))o.....#
#....o.o).o3..###
#......##.....#.##
##....# ###).....#
#....# #.)..#.##
##....# ##44## #
##....# #...#
##..#.####@##
......#...####
#..........##
..##...........#
.......).._...##
..............#
..............#
#.......##.####
#######
.......##...#.##
##.#.#.##


You could see a soul eater (summoned), an orc high priest, an orange demon
(summoned, very poisoned), a chaos spawn (summoned) and an orc warrior.

Vanquished Creatures
  Donald (Orc:2)
  2 two-headed ogres (D:10)
  Pikel (D:4)
  An orc knight (D:9)
  A gargoyle (D:10)
  3 trolls
  A hornet (D:7)
  14 yaks
  2 wyverns
  8 orc warriors
  A water moccasin (D:6)
  4 ice beasts
  3 sky beasts (D:7)
  4 ogres
  8 centaurs
  4 lemures (D:4)
  A kobold brigand (D:6)
  5 bullfrogs
  A gnoll sergeant (D:7)
  6 scorpions
  3 wights (D:6)
  5 killer bees (D:9)
  3 howler monkeys
  4 human zombies (Ossuary)
  4 jellies
  A gnoll bouda (D:9)
  6 orc priests
  3 hounds
  6 orc wizards
  3 iguanas
  3 scorpion zombies (Ossuary)
  4 mummies
  12 adders
  12 gnolls
  2 shadow imps (D:6)
  An ufetubus (D:7)
  3 dart slugs
  25 orcs
  6 ball pythons
  4 bats
  5 endoplasms
  4 giant cockroaches
  9 goblins
  4 hobgoblins
  4 jackals (D:5)
  15 kobolds
  3 quokkas
  3 frilled lizards (D:1)
  4 goblin zombies (Ossuary)
  A hobgoblin zombie (Ossuary)
  3 kobold zombies (Ossuary)
  An orc zombie (Ossuary)
237 creatures vanquished.

Vanquished Creatures (collateral kills)
  2 orc warriors
  3 orcs
5 creatures vanquished.

Vanquished Creatures (others)
  4 dancing weapons
  20 plants
24 creatures vanquished.

Grand Total: 266 creatures vanquished

Notes
Turn   | Place    | Note
-------+----------+-------------------------------------------
     0 | D:1      | Querens the Spriggan Enchanter began the quest for the Orb.
     0 | D:1      | Reached XP level 1. HP: 9/9 MP: 5/5
    82 | D:1      | Reached XP level 2. HP: 10/13 MP: 6/6
    85 | D:1      | Learned a level 2 spell: Ensorcelled Hibernation
   524 | D:2      | Reached skill level 5 in Stealth
   524 | D:2      | Reached XP level 3. HP: 16/16 MP: 3/8
   961 | D:3      | Reached XP level 4. HP: 21/21 MP: 10/10
  1089 | D:3      | Found a faded altar of an unknown god.
  1205 | D:3      | Found a faded altar of an unknown god.
  1209 | D:3      | Found a broken altar of Ashenzari.
  1402 | D:3      | Found a blossoming altar of Fedhas.
  1465 | D:4      | Found a hazy altar of Hepliaklqana.
  1594 | D:4      | Found a staircase to the Ecumenical Temple.
  1603 | D:4      | Reached XP level 5. HP: 18/24 MP: 6/12
  1617 | D:4      | Reached skill level 6 in Stealth
  1622 | Temple   | Entered the Ecumenical Temple
  1706 | D:4      | Noticed a lemure
  1707 | D:4      | Noticed Pikel
  1707 | D:4      | Noticed a lemure
  1707 | D:4      | Noticed a lemure
  1707 | D:4      | Noticed a lemure
  1893 | D:4      | Found a transporter.
  1899 | D:4      | Reached skill level 5 in Hexes
  1946 | D:4      | Found a transporter.
  1990 | D:4      | Noticed fly's ghost (weakling DgDe)
  2048 | D:5      | Entered Level 5 of the Dungeon
  2053 | D:5      | Learned a level 3 spell: Confusing Touch
  2057 | D:5      | Learned a level 3 spell: Tukima's Dance
  2104 | D:5      | Noticed an ogre
  2120 | D:5      | Reached XP level 6. HP: 28/28 MP: 8/13
  2289 | D:5      | Reached skill level 7 in Stealth
  2307 | D:5      | Reached skill level 5 in Spellcasting
  2320 | D:5      | Found a stormy altar of Qazlal.
  2429 | D:5      | Found a sand-covered staircase.
  2434 | Ossuary  | Entered an ossuary
  2463 | Ossuary  | Reached XP level 7. HP: 25/32 MP: 5/15
  2699 | Ossuary  | Reached skill level 8 in Stealth
  2757 | Ossuary  | Reached skill level 5 in Short Blades
  2786 | Ossuary  | Reached XP level 8. HP: 33/36 MP: 3/18
  2886 | D:5      | Found a burning altar of Makhleb.
  2910 | D:5      | Found a sparkling altar of Nemelex Xobeh.
  3147 | D:6      | Found a snail-covered altar of Cheibriados.
  3172 | D:6      | Found Zin's Purification Station.
  3173 | D:6      | Found a glowing silver altar of Zin.
  3180 | D:6      | Bought a potion of curing for 90 gold pieces
  3195 | D:6      | Reached skill level 9 in Stealth
  3561 | D:6      | Identified the amulet of Uxetam {Faith rElec rC- Dex+4}
  3894 | D:4      | Killed Pikel
  3895 | D:4      | Reached skill level 10 in Stealth
  3895 | D:4      | Reached XP level 9. HP: 32/39 MP: 7/21
  3952 | D:7      | Found a glowing golden altar of the Shining One.
  3987 | D:7      | Reached skill level 11 in Stealth
  4297 | D:7      | Found a radiant altar of Vehumet.
  4452 | D:8      | Found an opulent altar of Gozag.
  4453 | D:8      | Found an opulent altar of Gozag.
  4453 | D:8      | Found an opulent altar of Gozag.
  4461 | D:8      | Found an opulent altar of Gozag.
  4562 | D:8      | Reached skill level 12 in Stealth
  4562 | D:8      | Reached XP level 10. HP: 27/44 MP: 3/24
  4649 | D:8      | Found a hide-covered altar of Uskayaw.
  5023 | D:8      | Learned a level 5 spell: Metabolic Englaciation
  5072 | D:8      | Reached skill level 10 in Hexes
  5180 | D:9      | Found an ancient bone altar of Kikubaaqudgha.
  5203 | D:10     | Entered Level 10 of the Dungeon
  5210 | D:10     | Found a white marble altar of Elyvilon.
  5327 | D:9      | HP: 1/44 [centaur/arrow (12)]
  5341 | D:9      | Found a staircase to the Orcish Mines.
  5348 | D:9      | Identified the +1 leather armour "Ukucel" {Rampage rElec
                  | rF++ Dex+3}
  5485 | D:9      | Reached skill level 13 in Stealth
  5485 | D:9      | Reached skill level 1 in Ice Magic
  5540 | D:9      | Reached skill level 10 in Spellcasting
  5659 | D:9      | Found a shadowy altar of Dithmenos.
  5800 | D:10     | Noticed a two-headed ogre
  5803 | D:10     | Noticed a gargoyle
  5819 | D:10     | Killed a two-headed ogre
  5840 | D:10     | Killed a gargoyle
  5987 | D:10     | Reached XP level 11. HP: 29/47 MP: 23/26
  6015 | D:10     | Found an ornate altar of the Wu Jian Council.
  6021 | D:10     | Became a worshipper of the Wu Jian Council
  6213 | D:10     | Found a staircase to the Lair.
  6358 | D:10     | Noticed a two-headed ogre
  6365 | D:10     | Killed a two-headed ogre
  6413 | Orc:1    | Entered Level 1 of the Orcish Mines
  6430 | Orc:1    | Noticed an orc knight
  6490 | D:9      | Killed an orc knight
  6491 | D:9      | Reached skill level 14 in Stealth
  6554 | Orc:2    | Entered Level 2 of the Orcish Mines
  6554 | Orc:2    | Noticed Donald
  6557 | Orc:2    | Killed Donald
  6570 | Orc:2    | Reached * piety under Wu Jian
  6800 | Orc:2    | Reached ** piety under Wu Jian
  6801 | Orc:2    | Reached skill level 10 in Short Blades
  6806 | Orc:2    | Noticed an orc high priest
  6814 | Orc:2    | Noticed a soul eater
  6820 | Orc:2    | Slain by a soul eater

Illustrated notes

Levels and vault maps discovered:
D:1:      lightli_arrival_flooded_house, layout_basic, glass_columns_c,
          kennysheep_minor_cross, nicolae_concentric_dashed_squares_wild,
          nicolae_figureground_pulse
D:2:      layout_basic
D:3:      layout_loops_cross, nicolae_overflow_ecumenical_swirl,
          mainiacjoe_overflow_concentric_impassable,
          hellmonk_ecumenical_altar_blasted
D:4:      layout_cave_pools, mainiacjoe_overflow_boulevard,
          minmay_temple_entry_proselytizer, gammafunk_ghost_gnarly_gnolls,
          reono_crystal_passage, uniq_pikel
D:5:      layout_basic, mainiacjoe_overflow_tiny_flanked, lemuel_round_altar,
          kennysheep_mini, enter_ossuary_5, nicolae_eternal_life
D:6:      layout_basic, zin_purify, slow_altar_1, kennysheep_cross_room
D:7:      layout_basic, nicolae_vehumet_radiance, overflow_temple_1_default
D:8:      layout_basic, nicolae_gozag_conspicuous_consumption,
          nicolae_uskayaw_suspiria
D:9:      layout_rooms, mainiacjoe_overflow_alcove_4,
          nicolae_dithmenos_the_darkroom, orc_0_dummy
D:10:     layout_cave_pods, nicolae_wu_jian_glorious_leap, lemuel_crystal_altar,
          dpeg_oklobed_lair
Temple:   hellmonk_temple_micro_hex
Orc:1:    layout_caves, ebering_ghost_disaster_area, basic_altar,
          dreamdust_deal_with_the_devil
Orc:2:    st_orc_congregation, layout_caves, mines2_david, uniq_donald

Skill      XL: |  1  2  3  4  5  6  7  8  9 10 11 |
---------------+----------------------------------+-----
Spellcasting   | 3 4 5 6 7 9 10 11 | 11.0
Hexes          | 4 5 6 8 9 10 11 | 11.3
Short Blades   | 2 3 4 5 6 8 9 10 | 10.0
Stealth        | 5 6 7 8 10 12 13 14 | 14.4
Ice Magic      | 2 3 |  3.5
Dodging        | |  2.6

Action                   |  1- 3 |  4- 6 |  7- 9 | 10-12 || total
-------------------------+-------+-------+-------+-------++-------
Melee: Dagger            |   117 |    88 |   182 |   171 ||   558
       Punch             |       |       |     2 |     1 ||     3
 Cast: Ensorcelled Hiber |     5 |    27 |    68 |    81 ||   181
       Confusing Touch   |       |     2 |    12 |     5 ||    19
       Tukima's Dance    |       |     2 |     4 |    10 ||    16
Invok: Lunge             |       |       |       |    13 ||    13
       Whirlwind         |       |       |       |     2 ||     2
Evoke: Wand              |       |       |       |     1 ||     1
  Use: Potion            |       |     1 |     1 |     4 ||     6
       Scroll            |       |       |       |    11 ||    11
 Stab: Sleeping          |    11 |    22 |    53 |    58 ||   144
       Invisible         |       |     3 |       |       ||     3
       Confused          |       |     1 |    10 |     5 ||    16
       Distracted        |       |       |     1 |     1 ||     2
Armor: Robe              |     9 |     3 |     7 |     5 ||    24
       Troll leather arm |       |       |       |     8 ||     8
Dodge: Dodged            |    97 |    62 |    96 |    73 ||   328

Table legend: (Time is in decaauts)
 A = Elapsed time spent in this place.
 B = Non-inter-level travel time spent in this place.
 C = Inter-level travel time spent in this place.
 D = Time resting spent in this place.
 E = Time spent auto-exploring this place.
 F = Levels seen in this place.
 G = Mean time per level.
                   A        B        C        D        E       F      G
               +--------+--------+--------+--------+--------+-----+--------+
         Total |   4436 |   4105 |    331 |     14 |      0 |  14 |  316.9 |
       Dungeon |   3881 |   3559 |    322 |      0 |      0 |  10 |  388.1 |
        Temple |      1 |      1 |      0 |      0 |      0 |   1 |    1.0 |
  Orcish Mines |    255 |    246 |      9 |     14 |      0 |   2 |  127.5 |
       Ossuary |    297 |    297 |      0 |      0 |      0 |   1 |  297.0 |
               +--------+--------+--------+--------+--------+-----+--------+

Top non-repeatable levels by time:
     D:8: 470 daAuts
     D:4: 462 daAuts
    D:10: 430 daAuts
     D:6: 425 daAuts
     D:5: 425 daAuts
     D:9: 372 daAuts
     D:7: 348 daAuts
     D:3: 320 daAuts
     D:1: 320 daAuts
     D:2: 305 daAuts
 Ossuary: 297 daAuts
   Orc:2: 176 daAuts
   Orc:1: 78 daAuts
  Temple: 1 daAuts
